 Dungeon Crawl Stone Soup version 0.21.1-1-g345015fe64 (webtiles) character file.

207 Lavandula the Chopper (level 5, -7/45 HPs)
             Began as a Centaur Berserker on June 3, 2018.
             Was a Believer of Trog.
             Mangled by a gnoll
             ... wielding a +0 spear
              (10 damage)
             ... on level 4 of the Dungeon.
             The game lasted 00:03:20 (417 turns).

Lavandula the Chopper (Centaur Berserker)            Turns: 417, Time: 00:03:21

Health: -7/45      AC:  4    Str: 20    XL:     5   Next: 54%
Magic:  5/5        EV:  9    Int:  6    God:    Trog [**....]
Gold:   19         SH:  0    Dex:  9    Spells: 4/4 levels left

rFire    . . .     SeeInvis .   a - +1 hand axe
rCold    . . .     Gourm    .   (no shield)
rNeg     . . .     Faith    .   b - +0 animal skin
rPois    .         Spirit   .   (no helmet)
rElec    .         Reflect  .   (no cloak)
rCorr    .         Harm     .   (no gloves)
MR       ++...                  (no barding)
Stlth    +.........             (no amulet)
HPRegen  1.15/turn              (no ring)
MPRegen  0.09/turn              (no ring)

@: berserk cooldown, regenerating, drained, very quick
A: large, hooves 3, deformed body, speed 2, tough skin 3
a: Berserk, Trog's Hand, Burn Spellbooks, Renounce Religion


You were on level 4 of the Dungeon.
You worshipped Trog.
Trog was pleased with you.
You were very hungry.

You visited 1 branch of the dungeon, and saw 4 of its levels.

You collected 19 gold pieces.

Inventory:

Hand Weapons
 a - a +1 hand axe (weapon)
Missiles
 e - 3 curare-tipped needles
Armour
 b - a +0 animal skin (worn)
Scrolls
 h - a scroll of teleportation
Comestibles
 c - 3 rations


   Skills:
 - Level 3.0(2.9) Fighting
 + Level 5.7(5.6) Axes
 - Level 1.4(1.3) Armour
 - Level 1.4(1.3) Dodging


You had 4 spell levels left.
You didn't know any spells.

Dungeon Overview and Level Annotations

Branches:
Dungeon (4/15)
 Temple: D:4-7

Altars:
Elyvilon


Innate Abilities, Weirdness & Mutations

You have hooves in place of feet.
Armour fits poorly on your strangely shaped body.
You cover ground very quickly.
You have extremely tough skin. (AC +3)


Message History

Unknown command.
You closely miss the gnoll. Your kick misses the gnoll.
The gnoll is lightly wounded.
You hit the hound. The hound barely misses you. The gnoll closely misses you.
The hound closely misses you.
Your skin crawls.
You feel resistant to hostile enchantments.
You feel somewhat more hungry. The gnoll barely misses you.
The hound completely misses you.
Unknown command.
You hit the hound but do no damage.
The hound is lightly wounded.
You closely miss the gnoll. The hound bites you.
* * * LOW HITPOINT WARNING * * *
The gnoll closely misses you. The hound barely misses you.
You're still recovering from your berserk rage.
You closely miss the gnoll. Your kick misses the gnoll.
The gnoll is lightly wounded.
You slash the hound! The gnoll hits you with a spear!
You die...

## ##
..#####.. ###
..... ..#
#.##########
.?#
#........h.#
#..
...########@#
#.### #. ##g#
....# #.##.s#
..#.##
#.##.## ##
.....# #.#..#
.# )))#.#
#.#.####.#
.....# #.#.#
#..# ..####
#.#.###.#####
!.#
#...........#


You could see a hound, a gnoll and a giant cockroach.

Vanquished Creatures
  3 wights (D:4)
  An iguana (D:4)
  2 gnolls (D:4)
  An adder (D:4)
  A worm (D:2)
  3 bats (D:2)
  A giant cockroach (D:1)
  A goblin (D:2)
  2 hobgoblins
  8 jackals
  A frilled lizard (D:2)
  5 kobolds
  A rat (D:1)
30 creatures vanquished.

Notes
Turn   | Place    | Note
-------+----------+-------------------------------------------
     0 | D:1      | Lavandula the Centaur Berserker began the quest for the Orb.
     0 | D:1      | Reached XP level 1. HP: 19/19 MP: 1/1
    26 | D:2      | Reached skill level 3 in Axes
    28 | D:2      | Reached XP level 2. HP: 26/26 MP: 2/2
   191 | D:2      | Reached ** piety under Trog
   232 | D:3      | Reached XP level 3. HP: 30/31 MP: 3/3
   317 | D:4      | Reached skill level 4 in Axes
   338 | D:4      | Found a white marble altar of Elyvilon.
   367 | D:4      | Reached XP level 4. HP: 25/38 MP: 4/4
   369 | D:4      | Reached skill level 5 in Axes
   370 | D:4      | Reached XP level 5. HP: 26/45 MP: 5/5
   416 | D:4      | HP: 2/45 [hound (5)]
   417 | D:4      | Mangled by a gnoll

Skill      XL: |  1  2  3  4 |
---------------+-------------+-----
Axes           | 3 4 5 |  5.7
Fighting       | |  3.0
Armour         | |  1.4
Dodging        | |  1.4

Action                   |  1- 3 |  4- 6 || total
-------------------------+-------+-------++-------
Melee: Hand axe          |    51 |    10 ||    61
       Kick              |     9 |       ||     9
Invok: Berserk           |     4 |       ||     4
       Trog's Hand       |       |     1 ||     1
  Use: Scroll            |     4 |       ||     4
       Potion            |       |     1 ||     1
  Eat: Chunk             |     1 |       ||     1
Armor: Animal skin       |    18 |       ||    18
Dodge: Dodged            |    28 |    12 ||    40
